 Dungeon Crawl Stone Soup version 0.28-a0-390-gb254ac4902 (webtiles) character file.

Game seed: 1878127445733138793

6260 mathmaestro the Grappler (level 10, -5/107 HPs)
             Began as a Troll Monk on Sept 3, 2021.
             Slain by an orc warrior (10 damage)
             ... in a bailey.
             The game lasted 00:14:59 (6775 turns).

mathmaestro the Grappler (Troll Monk)               Turns: 6775, Time: 00:14:59

Health: -5/107     AC:  6    Str: 24    XL:     10   Next: 62%
Magic:  9/9        EV: 10    Int:  6    God:
Gold:   566        SH:  0    Dex: 12    Spells: 9/9 levels left

rFire   . . .      SeeInvis .     - Unarmed
rCold   . . .      Faith    .   (no shield)
rNeg    + . .      Spirit   .   a - +0 robe
rPois   +          Reflect  .   (helmet restricted)
rElec   .          Harm     .   f - +1 cloak
rCorr   .          Rampage  .   (gloves unavailable)
Will    .....                   (boots unavailable)
Stlth   ++........              E - amulet of regeneration
HPRegen 2.27/turn               u - ring of positive energy
MPRegen 0.11/turn               B - ring of poison resistance

@: mighty, studying Ice Magic
A: large, unfitting armour, claws 3, regeneration 1, shaggy fur 1, tough skin 1
a: no special abilities


You were in a bailey.
You visited 2 branches of the dungeon, and saw 9 of its levels.
You also visited: Ossuary and Bailey.

You collected 566 gold pieces.

Inventory:

Hand Weapons
 k - a +2 whip of freezing
 H - a +4 vorpal flail
 J - a +4 scimitar of freezing
Missiles
 g - 173 stones (quivered)
 h - 40 sling bullets
 i - 35 poisoned darts
 j - 8 atropa-tipped darts
 l - 3 large rocks
 s - 106 arrows
 D - 69 bolts
 I - 9 javelins
Armour
 a - a +0 robe (worn)
 f - a +1 cloak (worn)
Jewellery
 u - a ring of positive energy (left claw)
 x - a ring of positive energy
 B - a ring of poison resistance (right claw)
 E - an amulet of regeneration (around neck)
Wands
 c - a wand of iceblast (2)
 m - a wand of polymorph (14)
 A - a wand of flame (28)
 C - a wand of paralysis (5)
Scrolls
 e - 5 scrolls of teleportation
 r - 2 scrolls of enchant armour
 y - a scroll of holy word
 G - a scroll of magic mapping
Potions
 b - a potion of magic
 d - 7 potions of lignification
 o - 3 potions of mutation
 p - 2 potions of curing
 q - a potion of might
 t - 3 potions of invisibility
 w - 4 potions of brilliance
 z - a potion of resistance
 F - a potion of heal wounds


   Skills:
 + Level 9.3 Fighting
 + Level 3.3 Throwing
 + Level 3.0 Armour
 - Level 3.0 Dodging
 - Level 1.0 Stealth
 + Level 11.0 Unarmed Combat


You had 9 spell levels left.
You didn't know any spells.
Your spell library contained the following spells:

 Spells                   Type           Power      Damage    Failure   Level
 Animate Skeleton         Necr           0%         N/A       45%         1
 Corona                   Hex            0%         N/A       45%         1
 Pain                     Necr           0%         1d4       45%         1
 Sting                    Tmut/Pois      0%         1d3       45%         1
 Ensorcelled Hibernation  Hex/Ice        0%         N/A       58%         2
 Passwall                 Tmut/Erth      0%         N/A       58%         2
 Poisonous Vapours        Pois/Air       0%         N/A       58%         2
 Slow                     Hex            0%         N/A       58%         2
 Confusing Touch          Hex            0%         N/A       83%         3
 Ignite Poison            Fire/Tmut/Pois 0%         N/A       83%         3
 Mephitic Cloud           Conj/Pois/Air  0%         N/A       83%         3
 Ozocubu's Armour         Ice            0%         N/A       83%         3
 Tukima's Dance           Hex            0%         N/A       83%         3
 Vampiric Draining        Necr           0%         2d6       83%         3
 Olgreb's Toxic Radiance  Pois           0%         N/A       99%         4
 Bolt of Magma            Conj/Fire/Erth 0%         4d4       100%        5
 Eringya's Noxious Bog    Tmut/Pois      0%         N/A       100%        6
 Statue Form              Tmut/Erth      0%         N/A       100%        6
 Ozocubu's Refrigeration  Ice            0%         4d5       100%        7


Dungeon Overview and Level Annotations

Branches:
Dungeon (8/15)             Temple (1/1) D:5         Ossuary (visited)
 Bailey (1/1)
   Lair: D:8-11

Altars:
Ashenzari
Cheibriados
Dithmenos
Elyvilon
Fedhas
Gozag
Hepliaklqana
Kikubaaqudgha
Makhleb
Nemelex Xobeh
Okawaru
Qazlal
Ru
Sif Muna
Trog
Uskayaw
Vehumet
Wu Jian
Zin
The Shining One

Shops:
D:6 =


Innate Abilities, Weirdness & Mutations

You are too large for most types of armour.
You have claws for hands.
Your natural rate of healing is unusually fast.
You are covered in fur. (AC +1)
You have tough skin. (AC +1)


Message History

The centaur hits you with a +0 halberd!
* * * LOW HITPOINT WARNING * * *
The centaur kicks you but does no damage.
The centaur hits you with a +0 halberd.
* * * LOW HITPOINT WARNING * * *
The centaur kicks you.
* * * LOW HITPOINT WARNING * * *
You claw the centaur!
The centaur is heavily wounded.
The orc warrior barely misses you. The centaur barely misses you.
The centaur kicks you.
* * * LOW HITPOINT WARNING * * *
You claw the centaur!
You kill the centaur!
The orc warrior barely misses you.
The orc warrior hits you from afar with a +0 glaive.
* * * LOW HITPOINT WARNING * * *
You feel much better.
The orc warrior hits you from afar with a +0 glaive!
The orc warrior hits you from afar with a +0 halberd.
The centaur hits you from afar with a +0 spear.
The orc warrior hits you with a +0 glaive.
You scratch the orc warrior but do no damage.
The centaur hits you but does no damage.
The orc warrior hits you from afar with a +0 halberd!
* * * LOW HITPOINT WARNING * * *
The orc warrior closely misses you.
The centaur hits you from afar with a +0 spear.
* * * LOW HITPOINT WARNING * * *
You barely miss the orc warrior. The orc warrior barely misses you.
The orc warrior hits you with a +0 glaive.
* * * LOW HITPOINT WARNING * * *
The centaur hits you but does no damage.
Unknown command.
You feel very mighty all of a sudden. The centaur barely misses you.
The orc warrior hits you from afar with a +0 halberd!
* * * LOW HITPOINT WARNING * * *
The orc warrior hits you with a +0 glaive!
You die...

##################
##≈≈≈≈≈≈≈≈≈≈≈≈≈≈≈≈≈
##≈≈≈≈≈≈≈≈≈≈≈≈≈≈≈≈≈≈
##≈≈≈≈≈≈≈≈o@.....≈≈≈≈
#≈≈≈≈≈≈≈.c≈≈≈.≈≈≈..≈≈
#≈≈≈≈≈..≈≈≈.o...≈≈≈..
#≈≈≈≈.≈≈≈...).....≈≈≈
#≈≈≈≈.≈...).≈≈≈.....≈
#≈≈≈.≈≈.⌠.)≈≈≈≈≈..⌠.≈
#≈≈≈.≈...).≈≈≈≈≈.....
#≈≈.≈≈....≈≈≈≈≈≈≈....
#≈≈)≈.....≈≈≈≈≈≈≈....


You could see 2 orc warriors and a centaur.

Vanquished Creatures
  A two-headed ogre (D:5)
  Pikel (D:6)
  Sigmund (D:6)
  Edmund (D:4)
  A water moccasin (D:7)
  A hornet zombie (Ossuary)
  A sky beast (D:6)
  9 orc warriors
  A black bear (D:5)
  An ice beast (D:7)
  The ghost of barkas the Sneak, an amateur NaWz (D:4)
  7 centaurs
  An ogre (D:6)
  2 lemures (D:6)
  2 phantoms
  2 bullfrogs
  A kobold brigand (D:6)
  6 scorpions
  2 wyvern zombies (Ossuary)
  A water moccasin zombie (Ossuary)
  A water moccasin skeleton (D:5)
  7 wights (D:7)
  6 killer bees (D:7)
  8 centaur zombies
  6 bullfrog zombies (Ossuary)
  2 jellies
  3 hounds
  A gnoll shaman (D:4)
  An orc priest (D:4)
  2 orc wizards
  Terence (D:3)
  An iguana (D:5)
  3 killer bee zombies (Ossuary)
  18 mummies (Ossuary)
  Robin (D:3)
  8 adders
  9 gnolls
  A howler monkey skeleton (D:4)
  A shadow imp (D:6)
  A white imp (D:6)
  An ufetubus (D:6)
  An adder skeleton (D:4)
  4 worms
  A dart slug (D:3)
  28 orcs
  7 bats
  8 endoplasms
  5 giant cockroaches
  17 goblins
  10 hobgoblins
  4 jackals (D:1)
  4 quokkas
  5 ball pythons
  2 frilled lizards
  10 kobolds
  4 rats
235 creatures vanquished.

Vanquished Creatures (others)
  An orc (Bailey)
  A demonic plant (D:3)
  5 fungi (D:3)
  11 plants
  4 withered plants
22 creatures vanquished.

Grand Total: 257 creatures vanquished

Notes
Turn   | Place    | Note
-------+----------+-------------------------------------------
     0 | D:1      | mathmaestro the Troll Monk began the quest for the Orb.
     0 | D:1      | Reached XP level 1. HP: 22/22 MP: 0/0
   197 | D:1      | Reached XP level 2. HP: 29/29 MP: 1/1
   719 | D:2      | Reached XP level 3. HP: 36/36 MP: 2/2
  1415 | D:3      | Noticed Robin
  1419 | D:3      | Reached XP level 4. HP: 44/45 MP: 3/3
  1454 | D:3      | Killed Robin
  1455 | D:3      | Reached skill level 4 in Unarmed Combat
  1482 | D:3      | Found a hide-covered altar of Uskayaw.
  1790 | D:3      | Found a faded altar of an unknown god.
  1822 | D:3      | Found a glowing golden altar of the Shining One.
  2139 | D:3      | Reached XP level 5. HP: 46/53 MP: 4/4
  2178 | D:3      | Noticed Terence
  2185 | D:3      | Killed Terence
  2344 | D:4      | Found a sand-covered staircase.
  2348 | D:4      | Noticed Edmund
  2353 | Ossuary  | Entered an ossuary
  2388 | Ossuary  | Reached skill level 5 in Unarmed Combat
  2388 | Ossuary  | Reached XP level 6. HP: 41/62 MP: 5/5
  2469 | Ossuary  | Reached XP level 7. HP: 67/71 MP: 6/6
  2485 | Ossuary  | Reached skill level 6 in Unarmed Combat
  2493 | Ossuary  | Reached skill level 5 in Fighting
  2694 | Ossuary  | Reached skill level 7 in Unarmed Combat
  2705 | Ossuary  | Reached XP level 8. HP: 83/83 MP: 7/7
  2984 | D:4      | Killed Edmund
  3008 | D:4      | Found a transporter.
  3022 | D:4      | Found a transporter.
  3256 | D:4      | Found a shimmering blue altar of Sif Muna.
  3262 | D:4      | Noticed barkas's ghost (amateur NaWz)
  3289 | D:4      | Reached skill level 8 in Unarmed Combat
  3806 | D:4      | Killed barkas's ghost
  3932 | D:5      | Entered Level 5 of the Dungeon
  3932 | D:5      | Found a glowing silver altar of Zin.
  3975 | D:5      | Reached XP level 9. HP: 85/93 MP: 8/8
  4024 | D:5      | Noticed a two-headed ogre
  4033 | D:5      | Killed a two-headed ogre
  4034 | D:5      | Reached skill level 9 in Unarmed Combat
  4239 | D:5      | Found a staircase to the Ecumenical Temple.
  4248 | Temple   | Entered the Ecumenical Temple
  4760 | D:6      | Got the Grimoire of the Firefly
  4860 | D:6      | Found Bacvuf's Jewellery Shop.
  4862 | D:6      | Noticed Pikel
  4877 | D:6      | Killed Pikel
  4878 | D:6      | Reached skill level 10 in Unarmed Combat
  4931 | D:6      | Noticed Sigmund
  4941 | D:6      | Killed Sigmund
  4947 | D:6      | Reached XP level 10. HP: 106/106 MP: 9/9
  4948 | D:6      | Reached skill level 1 in Throwing
  4969 | D:6      | Reached skill level 1 in Armour
  5355 | D:7      | Found an opulent altar of Gozag.
  6275 | D:8      | Found a flagged portal.
  6292 | Bailey   | Entered a bailey
  6762 | Bailey   | Reached skill level 11 in Unarmed Combat
  6775 | Bailey   | HP: 5/107 [orc warrior (17)]
  6775 | Bailey   | Slain by an orc warrior

Illustrated notes

Levels and vault maps discovered:
D:1:      saegor_arrival_simple_d, layout_rooms, minmay_misc_feat_tiny
D:2:      layout_loops_corners
D:3:      layout_loops_corners, eat_drink_and_be_merry_uskayaw,
          mainiacjoe_overflow_paths, shapermc_ecumenical_altar_gd, uniq_terence,
          uniq_robin
D:4:      layout_loops_ring, mainiacjoe_overflow_brackets, serial_glass,
          glass_columns_a, glass_columns_b, nicolae_ossuary_entry_monument,
          gammafunk_ghost_gnarly_gnolls, minivault_5, minivault_19,
          grunt_tough_drop, uniq_edmund
D:5:      layout_cave_pools, lemuel_crystal_altar, temple_hall
D:6:      layout_cave_pools, serial_shops, shop, uniq_pikel, uniq_sigmund
D:7:      layout_loops_corners, nicolae_gozag_cash_rules_everything_around_me,
          minmay_statues_item
D:8:      lemuel_bear_cage, layout_basic, enter_bailey_3, roderic_lattice_a
Temple:   regret_index_temple_generic_petals
Bailey:   bailey_polearm_flooded_kennysheep, bailey

Skill      XL: |  1  2  3  4  5  6  7  8  9 10 |
---------------+-------------------------------+-----
Dodging        | 3 |  3.0
Fighting       | 3 4 5 7 8 9 |  9.3
Unarmed Combat | 4 5 7 8 10 11 | 11.0
Throwing       | 3 |  3.3
Armour         | 3 |  3.0
Stealth        | |  1.0

Action                   |  1- 3 |  4- 6 |  7- 9 | 10-12 || total
-------------------------+-------+-------+-------+-------++-------
Melee: Unarmed           |    86 |   136 |   275 |   167 ||   664
       Punch             |     1 |     3 |    11 |    11 ||    26
Throw: Dart              |       |       |       |     3 ||     3
       Javelin           |       |       |       |     3 ||     3
       Stone             |       |       |       |     1 ||     1
Evoke: Wand              |       |       |       |     3 ||     3
  Use: Scroll            |       |     4 |    12 |     4 ||    20
       Potion            |       |       |       |     2 ||     2
 Stab: Sleeping          |     6 |     5 |       |       ||    11
       Distracted        |       |     1 |     1 |       ||     2
       Invisible         |       |       |     2 |       ||     2
Armor: Robe              |    37 |    32 |    90 |    50 ||   209
Dodge: Dodged            |    37 |    45 |   111 |   152 ||   345

Table legend: (Time is in decaauts)
 A = Elapsed time spent in this place.
 B = Non-inter-level travel time spent in this place.
 C = Inter-level travel time spent in this place.
 D = Time resting spent in this place.
 E = Time spent auto-exploring this place.
 F = Levels seen in this place.
 G = Mean time per level.
                   A        B        C        D        E       F      G
               +--------+--------+--------+--------+--------+-----+--------+
         Total |   6712 |   6341 |    371 |    248 |   4452 |  11 |  610.2 |
       Dungeon |   5426 |   5069 |    357 |     54 |   3911 |   8 |  678.2 |
        Temple |    217 |    203 |     14 |      0 |    198 |   1 |  217.0 |
       Ossuary |    601 |    601 |      0 |    137 |    215 |   1 |  601.0 |
        Bailey |    467 |    467 |      0 |     57 |    128 |   1 |  467.0 |
               +--------+--------+--------+--------+--------+-----+--------+

Top non-repeatable levels by time:
     D:4: 988 daAuts
     D:3: 941 daAuts
     D:7: 887 daAuts
     D:2: 790 daAuts
 Ossuary: 601 daAuts
     D:1: 597 daAuts
     D:5: 583 daAuts
     D:6: 576 daAuts
  Bailey: 467 daAuts
  Temple: 217 daAuts
     D:8: 62 daAuts
